 Dungeon Crawl Stone Soup version 0.31.0-12-g77e489cdc1 (webtiles) character file.

Game seed: 3145976923128580198

5751 Gadfly the Unflinching (level 10, -4/61 HPs)
             Began as a Gargoyle Fighter on Mar 2, 2024.
             Was a Believer of the Shining One.
             Shot with an arrow by a centaur warrior (12 damage)
             ... on level 9 of the Dungeon.
             The game lasted 00:08:54 (6820 turns).

Gadfly the Unflinching (Gargoyle Fighter)           Turns: 6820, Time: 00:08:54

Health: -4/61      AC: 23    Str: 23    XL:     10   Next: 77%
Magic:  16/16      EV:  8    Int:  6    God:    the Shining One [**....]
Gold:   626        SH:  5    Dex: 11    Spells: 9/9 levels left

rFire   . . .        a - +1 flail (flame)
rCold   . . .        c - +0 buckler
rNeg    + + .        o - +3 chain mail
rPois   ∞            (helmet restricted)
rElec   +            t - +0 cloak
rCorr   .            u - +0 pair of gloves
SInv    .            (no boots)
Will    .....        y - amulet of the acrobat Stlth
                     v - +4 ring of slaying
HPRegen 0.30/turn    A - +4 ring of slaying
MPRegen 0.15/turn

%: acrobat
@: glowing
A: sickness immunity, AC +7, negative energy resistance 1, electricity
resistance, torment resistance 1, petrification resistance, horns 1, dopey 1,
wild magic 1
a: Renounce Religion, Divine Shield


You were on level 9 of the Dungeon.
You worshipped the Shining One.
The Shining One was pleased with you.
You visited 2 branches of the dungeon, and saw 10 of its levels.
You also visited: Sewer.

You collected 626 gold pieces.

Inventory:

Hand Weapons
 a - a +1 flail of flaming (weapon)
 b - a +1 flail of protection
Armour
 c - a +0 buckler (worn)
 o - a +3 chain mail (worn)
 r - a +0 helmet
 t - a +0 cloak (worn)
 u - a +0 pair of gloves (worn)
 x - a +0 helmet
Jewellery
 h - a +4 ring of protection
 v - a +4 ring of slaying (left hand)
 y - an amulet of the acrobat (around neck)
 A - a +4 ring of slaying (right hand)
Wands
 i - a wand of flame (15) (quivered)
 k - a wand of digging (8)
 l - a wand of polymorph (10)
 s - a wand of mindburst (11)
Scrolls
 f - 2 scrolls of fog
 n - a scroll of teleportation
 q - a scroll of blinking
 w - 3 scrolls of identify
 z - a scroll of enchant weapon
Potions
 d - 2 potions of might
 e - 3 potions of curing
 j - a potion of lignification
 m - 2 potions of enlightenment
 p - a potion of attraction


   Skills:
 + Level 6.8 Fighting
 * Level 7.7 Maces & Flails
 + Level 6.5 Armour
 + Level 6.6 Shields
 * Level 8.0 Invocations
 * Level 6.7 Evocations


You had 9 spell levels left.
You didn't know any spells.
Your spell library was empty.

Dungeon Overview and Level Annotations

Branches:
Dungeon (9/15)             Temple (1/1) D:6            Lair (0/5) D:8
  Sewer (visited)
    Orc: D:9-12

Altars:
Ashenzari
Cheibriados
Dithmenos
Elyvilon
Fedhas
Gozag
Hepliaklqana
Kikubaaqudgha
Makhleb
Nemelex Xobeh
Ru
Sif Muna
Trog
Uskayaw
Vehumet
Wu Jian
Xom
Yredelemnul
Zin
The Shining One

Shops:
D:8 **


Innate Abilities, Weirdness & Mutations

You are immune to sickness and miasma.
Your stone body is resilient. (AC +7)
You are immune to poison.
You resist negative energy. (rN+)
You are resistant to electric shocks. (rElec)
You are resistant to unholy torment.
You are immune to petrification.
You have a pair of small horns on your head.
You are dopey. (Int -2)
Your spells are a little harder to cast, but a little more powerful.


Message History

You are too injured to fight recklessly!
You are too injured to fight recklessly!
You are too injured to fight recklessly!
You are too injured to fight recklessly!
You are too injured to fight recklessly!
You are too injured to fight recklessly!
You are too injured to fight recklessly!
You are too injured to fight recklessly!
Unknown command.
You are too injured to fight recklessly!
You sock the yak! You burn the yak.
You kill the yak!
You hear a shout!
The centaur warrior shoots an arrow.
The arrow barely misses you. The bullfrog barely misses you.
You hear a loud, deep croak!
You hear an angry buzzing noise.
There are monsters nearby!
You bludgeon the bullfrog!! You burn the bullfrog!
You kill the bullfrog!
The centaur warrior shoots an arrow.
The arrow hits you.
An orc warrior comes into view. It is wielding a +0 halberd.
The centaur warrior shoots an arrow.
The arrow hits you!
* * * LOW HITPOINT WARNING * * *
You hear an angry hiss.
Things that are here:
a bullfrog corpse; a yak corpse The orc warrior hits you with a +0 halberd!
* * * LOW HITPOINT WARNING * * *
You feel much better.
The orc warrior hits you with a +0 halberd!
You hit the orc warrior but do no damage.
The centaur warrior shoots an arrow.
The arrow hits you!
* * * LOW HITPOINT WARNING * * *
The orc warrior barely misses you.
The centaur warrior shoots an arrow.
The arrow hits you but does no damage.
You hear an angry hiss.
You sock the orc warrior! You burn the orc warrior.
The orc warrior is heavily wounded.
The centaur warrior shoots an arrow.
The arrow hits you!
You die...

############ #
#..........##.# #.#
#........ #############.#
#....#.#####
#.............######........
#.#####.......o@†.....$..###
#.#.....#####.#####cy....#
.#.#...#.# #.# #†.....#
.#.#.#.#.# #.# #......#
.....#.#.# #.. #...c..#
##.#.#.#.# #.# #......#
...#.#[#.. ... .....#.#
######.#.# #.# #......#
..#.# ..# #.#.####


You could see a centaur warrior, an orc warrior and a killer bee.

Vanquished Creatures
  Joseph (D:8)
  A komodo dragon (D:8)
  Sigmund (D:6)
  2 wyverns
  A slime creature (D:9)
  15 yaks
  3 sky beasts (D:7)
  2 ice beasts (D:8)
  3 ogres
  A centaur (D:9)
  A phantom (D:6)
  Blork the orc (D:5)
  3 bullfrogs
  6 howler monkeys
  6 crimson imps (D:8)
  A bombardier beetle (D:5)
  A jelly (D:5)
  2 orc priests
  A gnoll bouda (D:5)
  2 hounds (D:6)
  2 sleepcaps (D:5)
  5 orc wizards
  6 iguanas
  4 gnolls (D:5)
  9 adders
  3 white imps (D:8)
  4 ufetubi (D:6)
  13 dart slugs
  A ribbon worm (D:7)
  17 orcs
  25 ball pythons
  9 bats
  13 endoplasms
  10 giant cockroaches
  5 goblins
  8 hobgoblins
  6 jackals
  5 quokkas
  12 frilled lizards
  6 kobolds
  4 rats
221 creatures vanquished.

Notes
Turn   | Place    | Note
-------+----------+-------------------------------------------
     0 | D:1      | Gadfly the Gargoyle Fighter began the quest for the Orb.
     0 | D:1      | Reached XP level 1. HP: 14/14 MP: 1/1
    82 | D:1      | Reached XP level 2. HP: 19/19 MP: 2/2
   120 | D:1      | Found a faded altar of an unknown god.
   297 | D:1      | Reached skill level 1 in Invocations
   401 | D:1      | Reached XP level 3. HP: 23/23 MP: 3/3
   492 | D:1      | Reached skill level 1 in Evocations
  1853 | D:3      | Reached XP level 4. HP: 28/28 MP: 5/5
  2636 | D:4      | Found a glowing drain.
  2647 | Sewer    | Entered a sewer
  2654 | Sewer    | Reached skill level 2 in Invocations
  2697 | Sewer    | Reached XP level 5. HP: 32/32 MP: 6/6
  3010 | Sewer    | Reached XP level 6. HP: 32/38 MP: 7/7
  3097 | D:4      | Found an ornate altar of the Wu Jian Council.
  3275 | D:4      | Reached skill level 3 in Invocations
  3579 | D:4      | Gained mutation: Your spells are a little harder to cast,
                  | but a little more powerful. [potion of mutation]
  3579 | D:4      | Gained mutation: You are covered in fur. (AC +1) [potion of
                  | mutation]
  3579 | D:4      | Gained mutation: You are dopey. (Int -2) [potion of
                  | mutation]
  3579 | D:4      | Gained mutation: You have a pair of small horns on your
                  | head. [potion of mutation]
  3589 | D:5      | Entered Level 5 of the Dungeon
  3661 | D:5      | Reached XP level 7. HP: 39/43 MP: 9/9
  3964 | D:5      | Noticed Blork the orc
  3976 | D:5      | Killed Blork the orc
  4056 | D:5      | Reached skill level 4 in Invocations
  4211 | D:6      | Noticed Sigmund
  4212 | D:6      | Noticed a yak
  4213 | D:6      | Noticed a yak
  4213 | D:6      | Noticed a yak
  4215 | D:6      | Noticed a yak
  4218 | D:6      | Killed Sigmund
  4219 | D:6      | Reached XP level 8. HP: 48/48 MP: 11/11
  4225 | D:6      | Killed a yak
  4229 | D:6      | Killed a yak
  4230 | D:6      | Reached skill level 5 in Maces & Flails
  4236 | D:6      | Killed a yak
  4237 | D:6      | Reached skill level 5 in Fighting
  4237 | D:6      | Reached skill level 5 in Invocations
  4240 | D:6      | Killed a yak
  4241 | D:6      | Reached skill level 5 in Armour
  4241 | D:6      | Reached skill level 5 in Shields
  4338 | D:6      | Found a staircase to the Ecumenical Temple.
  4386 | Temple   | Entered the Ecumenical Temple
  4428 | Temple   | Became a worshipper of the Shining One
  4555 | D:6      | Reached XP level 9. HP: 50/54 MP: 13/13
  4887 | D:6      | Lost mutation: Your spells are a little harder to cast, but
                  | a little more powerful. [potion of mutation]
  4887 | D:6      | Lost mutation: You are covered in fur. (AC +1) [potion of
                  | mutation]
  4887 | D:6      | Gained mutation: Your spells are a little harder to cast,
                  | but a little more powerful. [potion of mutation]
  5032 | D:7      | Reached skill level 6 in Invocations
  5032 | D:7      | Reached skill level 5 in Evocations
  5179 | D:7      | Identified the +10 sling of Earthquakes {speed, rC+ rN+}
  5216 | D:7      | Reached * piety under the Shining One
  5287 | D:7      | Found a snail-covered altar of Cheibriados.
  5658 | D:8      | Reached XP level 10. HP: 60/60 MP: 15/15
  5665 | D:8      | Reached skill level 7 in Invocations
  5731 | D:8      | Reached ** piety under the Shining One
  5913 | D:8      | Found Ziota's Specific Store.
  5915 | D:8      | Found Qokke's General Store.
  6016 | D:8      | Noticed Joseph
  6031 | D:8      | Killed Joseph
  6213 | D:8      | Found a shimmering blue altar of Sif Muna.
  6372 | D:8      | Found a staircase to the Lair.
  6812 | D:9      | Noticed a centaur warrior
  6813 | D:9      | Reached skill level 8 in Invocations
  6820 | D:9      | Shot with an arrow by a centaur warrior

Illustrated notes

Levels and vault maps discovered:
D:1:      hellmonk_arrival_library, layout_loops_ring,
          ebering_ecumenical_altar_sacrificial
D:2:      layout_loops_corners
D:3:      layout_loops_ring, roderic_roman_lattice
D:4:      layout_basic, nzn_wu_jian_contemplation, portal_sewer_entry_d,
          minmay_tree_intersection
D:5:      layout_basic, kennysheep_generic_room_14, uniq_blork_the_orc
D:6:      layout_cave_pools, minmay_temple_entry_grid, uniq_sigmund
D:7:      layout_cave_pools, slow_altar_2
D:8:      layout_rooms, led_sif_pool, david_lair_shrubbed,
          nicolae_specific_store, minmay_nine_imps, uniq_joseph
D:9:      minmay_the_grid_net [minmay_the_grid_rooms,
          minmay_the_grid_broken_lines, minmay_the_grid_tree,
          minmay_the_grid_box_x, minmay_the_grid_eight,
          minmay_the_grid_prize_shrinking_boxes], layout_basic,
          corexii_leaking_fountain, uniq_jeremiah
Temple:   minmay_crystal_spiral_temple

Skill      XL: |  1  2  3  4  5  6  7  8  9 10 |
---------------+-------------------------------+-----
Invocations    | 1 2 3 4 5 6 8 |  8.0
Evocations     | 1 2 3 4 5 6 |  6.7
Maces & Flails | 3 4 5 6 7 |  7.7
Fighting       | 4 5 6 |  6.8
Shields        | 4 5 6 |  6.6
Armour         | 4 5 6 |  6.5

Action                     |  1- 3 |  4- 6 |  7- 9 | 10-12 || total
---------------------------+-------+-------+-------+-------++-------
  Melee: Flail             |   120 |   245 |   117 |    86 ||   568
         Headbutt          |       |     3 |    24 |    23 ||    50
         Unarmed           |       |       |    25 |       ||    25
  Evoke: Wand              |       |       |       |     1 ||     1
    Use: Scroll            |     4 |     5 |     3 |     1 ||    13
         Potion            |     1 |     1 |     3 |     1 ||     6
   Stab: Confused          |       |       |     1 |       ||     1
 Armour: Scale mail        |    93 |       |       |       ||    93
         Plate armour      |     1 |   207 |       |       ||   208
         Chain mail        |       |    29 |    94 |    76 ||   199
         Skin              |       |       |    19 |       ||    19
  Dodge: Dodged            |    70 |    74 |    55 |    33 ||   232
  Block: Buckler           |    25 |    63 |    14 |    16 ||   118
